 Dungeon Crawl Stone Soup version 0.19.1 (webtiles) character file.

10868 Faca the Blocker (level 12, -2/82 HPs)
             Began as a Formicid Fighter on Dec 4, 2016.
             Was a High Priest of Okawaru.
             Slain by a vampire mosquito (7 damage)
             ... on level 14 of the Dungeon.
             The game lasted 00:36:50 (10758 turns).

Faca the Blocker (Formicid Fighter)                Turns: 10758, Time: 00:36:51

Health: -2/82      AC: 20    Str: 21    XL:     12   Next: 0%
Magic:  10/10      EV:  8    Int:  7    God:    Okawaru [*****.]
Gold:   710        SH: 14    Dex: 17    Spells: 0 memorised, 11 levels left

rFire  . . .     SeeInvis +     o - +5 flail (holy)
rCold  + . .     Gourm    .     r - +0 plate armour
rNeg   . . .     Faith    +     c - +1 shield
rPois  .         Spirit   .     (helmet unavailable)
rElec  .         Reflect  .     i - +0 cloak
rCorr  .         Harm     .     (no gloves)
MR     +....                    q - +0 pair of boots
Stlth  ..........               n - amulet of faith
                                k - +2 ring of slaying
                                h - +3 ring of dexterity

@: no status effects
A: permanent stasis, dig shafts and tunnels, four strong arms, antennae 3, claws
1, talons 1, iridescent scales 1, yellow scales 1, cold resistance 1, dopey 1,
frail 1, low mp 1
a: Dig, Shaft Self, Heroism, Finesse, Renounce Religion


You were on level 14 of the Dungeon.
You worshipped Okawaru.
Okawaru was extremely pleased with you.
You were not hungry.

You visited 2 branches of the dungeon, and saw 13 of its levels.

You collected 710 gold pieces.

Inventory:

Hand Weapons
 o - a +5 flail of holy wrath (weapon)
 t - a +0 executioner's axe of draining
 y - a +5 battleaxe of chopping
Armour
 c - a +1 shield (worn)
 i - a +0 cloak (worn)
 q - a +0 pair of boots (worn)
 r - a +0 plate armour (worn)
Jewellery
 h - a +3 ring of dexterity (left claw)
 j - an uncursed ring of fire
 k - a +2 ring of slaying (right claw)
 n - an amulet of faith (around neck)
Wands
 s - a wand of lightning (4/15)
 v - a wand of slowing (23/48)
 x - a wand of iceblast (6/15)
Scrolls
 b - 3 scrolls of identify
 m - 9 scrolls of remove curse
 w - a scroll of fear
Potions
 d - 3 potions of might
 e - 4 potions of lignification
 l - 4 potions of curing
 u - a potion of resistance
Comestibles
 f - 7 bread rations
 g - a meat ration
 p - 9 royal jellies


   Skills:
 + Level 8.1 Fighting
 + Level 7.2(9.6) Axes
 + Level 9.8(10.8) Maces & Flails
 + Level 8.2 Armour
 + Level 3.7 Dodging
 - Level 1.1 Stealth
 + Level 10.9 Shields


You had 11 spell levels left.
You didn't know any spells.

Dungeon Overview and Level Annotations

Branches:
Dungeon (11/15)            Temple (1/1) D:4            Lair (0/6) D:9
    Orc (0/2) D:10

Altars:
Ashenzari
Cheibriados
Dithmenos
Elyvilon
Fedhas
Gozag
Hepliaklqana
Kikubaaqudgha
Makhleb
Nemelex Xobeh
Okawaru
Qazlal
Sif Muna
Trog
Uskayaw
Xom
Yredelemnul
Zin
The Shining One


Innate Abilities, Weirdness & Mutations

You are under a permanent stasis effect.
You can dig through walls and to a lower floor.
Your four strong arms can wield two-handed weapons with a shield.
You have a pair of large antennae on your head. (SInv)
You have sharp fingernails.
You have sharp toenails.
You are partially covered in iridescent scales. (AC +2)
You are partially covered in yellow scales. (AC +2)
Your flesh is cold resistant. (rC+)
You are dopey. (Int -2)
You are frail. (-10% HP)
Your magical capacity is low. (-10% MP)


Message History

The vampire mosquito is severely damaged.
The vampire mosquito bites you but does no damage.
The wizard shouts, "You can't withstand my power!"
The wizard casts a spell.
You block the vampire mosquito's attack.
The vampire mosquito bites you but does no damage.
The vampire mosquito barely misses you.
The wizard gestures wildly while chanting.
The vampire mosquito bites you but does no damage.
You closely miss the vampire mosquito.
The vampire mosquito is severely damaged.
The vampire mosquito completely misses you.
You block the vampire mosquito's attack.
The vampire mosquito bites you but does no damage. x2
You closely miss the vampire mosquito.
The vampire mosquito is severely damaged.
You block the vampire mosquito's attack. x2
The vampire mosquito closely misses you.
The vampire mosquito bites you!
You die...

{ #......#.....
#......#.....
##+####+#)[.#.....
###+##........)..#.....
#................#.....
#................#.....
#.......)))......'o....
#......y.[..o....#{....
#.....@yp.o......#.....
#......y...o.....#.....
#######################


You could see a wizard, an orc warrior, 3 vampire mosquitoes, an orc wizard and
an orc.

Vanquished Creatures
  2 hill giants
  Pikel (D:6)
  Joseph (D:8)
  A gargoyle (D:9)
  2 trolls (D:10)
  2 hornets
  2 hippogriffs (D:8)
  A slime creature (D:9)
  A two-headed ogre (D:10)
  3 yaks (D:10)
  Sigmund (D:5)
  A wyvern (D:8)
  2 hungry ghosts
  A steam dragon (D:6)
  Grum (D:9)
  Menkaure (D:7)
  Edmund (D:5)
  2 soldier ants (D:9)
  A swamp drake (D:10)
  2 eyes of draining (D:10)
  5 orc warriors
  2 ice beasts
  3 ogres
  2 phantoms
  6 sky beasts
  3 wolves
  6 centaurs
  2 big kobolds
  6 bullfrogs
  A wyvern zombie (D:7)
  A wyvern skeleton (D:11)
  3 scorpions
  4 wights (D:14)
  4 killer bees (D:9)
  5 howler monkeys
  A centaur zombie (D:7)
  5 crimson imps
  3 quasits
  8 orc priests
  Crazy Yiuf (D:7)
  5 hounds
  3 bullfrog skeletons
  4 jellies
  10 orc wizards
  3 iguanas
  8 worker ants
  4 hound skeletons
  7 gnolls
  3 adders
  2 shadow imps
  An ooze (D:3)
  2 adder zombies
  An adder skeleton (D:5)
  2 worms
  3 dart slugs (D:1)
  5 leopard geckos
  37 orcs
  2 ball pythons
  9 bats
  14 giant cockroaches
  11 hobgoblins
  19 jackals
  20 kobolds
  6 quokkas
  3 frilled lizards
  2 goblins
  A leopard gecko skeleton (D:5)
  A quokka zombie (D:9)
  6 rats
  A fungus (D:4)
295 creatures vanquished.

Vanquished Creatures (others)
  A slave (D:6)
  A centaur (D:10)
  A bullfrog (D:6)
  An orc wizard (D:6)
  A hound skeleton (D:6)
  5 orcs
  A quokka zombie (D:6)
11 creatures vanquished.

Grand Total: 306 creatures vanquished

Notes
Turn   | Place    | Note
-------+----------+-------------------------------------------
     0 | D:1      | Faca the Formicid Fighter began the quest for the Orb.
     0 | D:1      | Reached XP level 1. HP: 18/18 MP: 1/1
    97 | D:1      | Reached XP level 2. HP: 22/24 MP: 2/2
   295 | D:1      | Reached skill level 4 in Shields
   295 | D:1      | Reached XP level 3. HP: 29/29 MP: 3/3
  1040 | D:2      | Reached XP level 4. HP: 36/37 MP: 4/4
  1206 | D:2      | Found an ancient bone altar of Kikubaaqudgha.
  1334 | D:3      | Found a hide-covered altar of Uskayaw.
  1414 | D:3      | Found a stormy altar of Qazlal.
  1480 | D:3      | Reached XP level 5. HP: 29/42 MP: 5/5
  1710 | D:3      | Gained mutation: You are frail. (-10% HP) [potion of mutation]
  1710 | D:3      | Gained mutation: Your body sometimes deteriorates upon taking damage. [potion of mutation]
  1710 | D:3      | Gained mutation: You are resistant to electric shocks. (rElec) [potion of mutation]
  1885 | D:3      | Reached XP level 6. HP: 37/43 MP: 6/6
  2012 | D:4      | Found a staircase to the Ecumenical Temple.
  2020 | Temple   | Entered the Ecumenical Temple
  2032 | Temple   | Became a worshipper of Warmaster Okawaru
  2114 | D:4      | Reached skill level 5 in Shields
  2780 | D:5      | Entered Level 5 of the Dungeon
  2780 | D:5      | Noticed Sigmund
  2804 | D:5      | Reached * piety under Okawaru
  2804 | D:5      | Reached XP level 7. HP: 24/49 MP: 7/7
  2808 | D:5      | Reached skill level 5 in Axes
  3129 | D:5      | Killed Sigmund
  3129 | D:5      | Reached ** piety under Okawaru
  3247 | D:5      | Reached XP level 8. HP: 39/54 MP: 8/8
  3258 | D:5      | Reached skill level 6 in Shields
  3550 | D:5      | Noticed Edmund
  3569 | D:5      | Killed Edmund
  3569 | D:5      | Reached skill level 5 in Fighting
  3569 | D:5      | Reached skill level 5 in Armour
  3569 | D:5      | Reached skill level 1 in Dodging
  3596 | D:5      | Gained mutation: You are dopey. (Int -2) [mutagenic meat]
  3598 | D:5      | Gained mutation: You have sharp toenails. [mutagenic meat]
  3599 | D:5      | Gained mutation: You are partially covered in iridescent scales. (AC +2) [mutagenic meat]
  3818 | D:6      | Reached skill level 1 in Stealth
  3856 | D:6      | Noticed Pikel
  3870 | D:6      | Killed Pikel
  3870 | D:6      | Reached *** piety under Okawaru
  3870 | D:6      | Reached XP level 9. HP: 55/61 MP: 9/9
  3925 | D:6      | Reached skill level 7 in Shields
  4044 | D:6      | Found a shattered altar of Ashenzari.
  4044 | D:6      | Found a faded altar of an unknown god.
  4049 | D:6      | Found a glowing golden altar of the Shining One.
  4051 | D:6      | Found a faded altar of an unknown god.
  4053 | D:6      | Found a faded altar of an unknown god.
  4461 | D:6      | Found a hazy altar of Hepliaklqana.
  4676 | D:7      | Noticed Menkaure
  4680 | D:7      | Killed Menkaure
  4680 | D:7      | Reached **** piety under Okawaru
  4766 | D:7      | Noticed a hornet
  4781 | D:7      | Killed a hornet
  4781 | D:7      | Reached skill level 5 in Maces & Flails
  4995 | D:7      | Reached XP level 10. HP: 60/68 MP: 10/10
  5086 | D:7      | Found a snail-covered altar of Cheibriados.
  5169 | D:7      | Reached skill level 8 in Shields
  5330 | D:7      | Found a runed door.
  5334 | D:7      | Noticed Crazy Yiuf
  5339 | D:7      | Killed Crazy Yiuf
  5436 | D:8      | Reached ***** piety under Okawaru
  5685 | D:8      | Noticed Joseph
  5697 | D:8      | Killed Joseph
  5707 | D:8      | Gained mutation: You are partially covered in yellow scales. (AC +2) [potion of mutation]
  5707 | D:8      | Lost mutation: Your body sometimes deteriorates upon taking damage. [potion of mutation]
  5707 | D:8      | Gained mutation: You have sharp fingernails. [potion of mutation]
  6065 | D:8      | Received a gift from Okawaru
  6391 | D:8      | Found an opulent altar of Gozag.
  6574 | D:9      | HP: 3/69 [orc priest/nerve-wracking pain (14)]
  6904 | D:9      | Reached skill level 9 in Shields
  7071 | D:9      | Found a glowing silver altar of Zin.
  7525 | D:9      | Reached XP level 11. HP: 74/74 MP: 11/11
  7908 | D:9      | Found a deep blue altar of Sif Muna.
  8015 | D:9      | Gained mutation: Your flesh is cold resistant. (rC+) [mutagenic meat]
  8016 | D:9      | Lost mutation: You are resistant to electric shocks. (rElec) [mutagenic meat]
  8018 | D:9      | Gained mutation: Scrolls take you a little longer to read. [mutagenic meat]
  8022 | D:9      | Gained mutation: Your magical capacity is low. (-10% MP) [mutagenic meat]
  8023 | D:9      | Lost mutation: Scrolls take you a little longer to read. [mutagenic meat]
  8081 | D:9      | Found a snail-covered altar of Cheibriados.
  8093 | D:9      | Reached skill level 10 in Shields
  8146 | D:9      | Found a staircase to the Lair.
  8287 | D:10     | Entered Level 10 of the Dungeon
  8288 | D:10     | Noticed Grum
  8960 | D:9      | Killed Grum
  8960 | D:9      | Received a gift from Okawaru
  9781 | D:10     | Found a staircase to the Orcish Mines.
 10065 | D:10     | Noticed a hill giant
 10079 | D:10     | Killed a hill giant
 10380 | D:10     | Found a deep blue altar of Sif Muna.
 10678 | D:11     | You fall through a shaft for 3 floors!
 10707 | D:14     | Noticed a hill giant
 10722 | D:14     | Killed a hill giant
 10722 | D:14     | Received a gift from Okawaru
 10722 | D:14     | Reached XP level 12. HP: 52/82 MP: 10/10
 10735 | D:14     | Noticed a wizard
 10753 | D:14     | HP: 4/82 [vampire mosquito (5)]
 10758 | D:14     | Slain by a vampire mosquito

Skill      XL: |  1  2  3  4  5  6  7  8  9 10 11 |
---------------+----------------------------------+-----
Shields        | 4 5 6 7 9 10 | 10.9
Axes           | 3 4 5 7 |  7.2
Fighting       | 4 5 6 8 |  8.1
Armour         | 4 5 6 8 |  8.2
Dodging        | 1 2 3 |  3.7
Stealth        | 1 |  1.1
Maces & Flails | 2 5 8 9 |  9.8

Action                   |  1- 3 |  4- 6 |  7- 9 | 10-12 || total
-------------------------+-------+-------+-------+-------++-------
Melee: War axe           |   100 |   148 |    79 |       ||   327
       Flail             |       |       |   114 |   585 ||   699
       Kick              |       |       |    41 |   164 ||   205
       Battleaxe         |       |       |       |     4 ||     4
  Use: Scroll            |     3 |     6 |     4 |     1 ||    14
       Potion            |     1 |     2 |     2 |     2 ||     7
 Stab: Invisible         |       |       |     3 |       ||     3
       Confused          |       |       |       |     1 ||     1
  Eat: Fruit             |     4 |       |       |     6 ||    10
       Pizza             |       |     1 |     1 |     2 ||     4
       Meat ration       |       |     1 |       |     1 ||     2
       Chunk             |       |       |     5 |     8 ||    13
       Bread ration      |       |       |     1 |       ||     1
       Beef jerky        |       |       |       |     5 ||     5
       Royal jelly       |       |       |       |     1 ||     1
Armor: Scale mail        |    49 |    58 |    21 |       ||   128
       Ring mail         |       |       |    33 |    38 ||    71
       Plate armour      |       |       |       |   183 ||   183
Dodge: Dodged            |    41 |    28 |    54 |   186 ||   309
Block: Shield            |    56 |    89 |   126 |   403 ||   674
